 Dungeon Crawl Stone Soup version 0.24-a0-500-g46574c2197 (webtiles) character file.

Game seed: 7085401196806306751

84188 Peloso the Peltast (level 15, 0/137 HPs)
             Began as a Minotaur Fighter on July 15, 2019.
             Was the Champion of Okawaru.
             Slain by Saint Roka
             ... wielding a +1 battleaxe of chopping
              (6 damage)
             ... on level 1 of the Orcish Mines.
             The game lasted 01:04:00 (23128 turns).

Peloso the Peltast (Minotaur Fighter)              Turns: 23128, Time: 01:04:00

Health: 0/137      AC: 27    Str: 28    XL:     15   Next: 34%
Magic:  13/15      EV: 15    Int:  4    God:    Okawaru [******]
Gold:   1663       SH: 17    Dex: 12    Spells: 14/14 levels left

rFire    . . .     SeeInvis +   a - +4 long sword (flame)
rCold    + . .     Gourm    .   c - +0 shield
rNeg     + . .     Faith    .   K - +2 chain mail {rC+}
rPois    +         Spirit   .   L - +0 hat {SInv}
rElec    .         Reflect  .   V - +2 ratskin cloak {+Rats rPois rN+ Str-1 Int-1 Dex+1}
rCorr    .         Harm     .   R - +1 pair of gloves
MR       +....                  X - +2 pair of boots
Stlth    ..........             t - amulet of regeneration
HPRegen  0.72/turn              M - +3 ring of strength
MPRegen  0.14/turn              (no ring)

@: heroism
A: retaliatory headbutt, horns 2
a: Heroism, Finesse, Renounce Religion, Evoke Ratskin


You were on level 1 of the Orcish Mines.
You worshipped Okawaru.
Okawaru was exalted by your worship.
You were not hungry.

You visited 4 branches of the dungeon, and saw 23 of its levels.
You also visited: Ice Cave.

You collected 1822 gold pieces.
You spent 159 gold pieces at shops.

Inventory:

Hand Weapons
 a - a +4 long sword of flaming (weapon)
 b - a +4 scimitar of slicing
Missiles
 w - 162 bolts
Armour
 c - a +0 shield (worn)
 K - a +2 chain mail of cold resistance (worn)
 L - a +0 hat of see invisible (worn)
 R - a +1 pair of gloves (worn)
 V - the +2 ratskin cloak (worn) {+Rats rPois rN+ Str-1 Int-1 Dex+1}
   (You found it on level 9 of the Dungeon)

   It affects your strength (-1).
   It affects your intelligence (-1).
   It affects your dexterity (+1).
   It protects you from poison.
   It protects you from negative energy.
 X - a +2 pair of boots (worn)
Jewellery
 g - an uncursed amulet of magic regeneration
 t - an amulet of regeneration (around neck)
 y - an uncursed ring of protection from cold
 G - an uncursed ring of resist corrosion
 M - a +3 ring of strength (left hand)
Wands
 P - a wand of digging (3)
Scrolls
 m - 6 scrolls of remove curse
 p - 5 scrolls of teleportation
 q - 3 scrolls of blinking
 r - 5 scrolls of magic mapping
 u - 3 scrolls of noise
 v - 2 scrolls of fear
 A - 3 scrolls of identify
Potions
 d - 3 potions of might
 e - 17 potions of curing
 l - 2 potions of mutation
 n - a potion of berserk rage
 x - 3 potions of haste
 z - 2 potions of agility
 D - 6 potions of flight
Miscellaneous
 j - a fan of gales
Comestibles
 f - 47 rations


   Skills:
 + Level 13.8(18.8) Fighting
 + Level 16.4(21.4) Long Blades
   Level 4.6(9.6) Axes
 + Level 14.9(19.9) Armour
 + Level 5.6(10.6) Dodging
 + Level 2.2(7.2) Stealth
 + Level 17.1(22.1) Shields
 + Level 1.5 Invocations
 + Level 0.4 Evocations


You had 14 spell levels left.
You didn't know any spells.
Your spell library contained the following spells:

 Spells                   Type           Power        Failure   Level  Hunger
 Animate Skeleton         Necr           N/A          85%         1    ##.....
 Apportation              Tloc           #.....       85%         1    ##.....
 Confusing Touch          Hex            #.....       85%         1    ##.....
 Shock                    Conj/Air       #...         85%         1    ##.....
 Summon Small Mammal      Summ           #...         85%         1    ##.....
 Ensorcelled Hibernation  Hex/Ice        #.....       94%         2    ###....
 Swiftness                Chrm/Air       #.......     94%         2    ###....
 Static Discharge         Conj/Air       #.......     99%         3    ####...
 Airstrike                Air            #.........   100%        4    #####..
 Ice Form                 Ice/Tmut       #.......     100%        4    #####..
 Borgnjor's Vile Clutch   Necr/Erth      #.........   100%        5    ######.
 Lightning Bolt           Conj/Air       #.........   100%        5    ######.
 Metabolic Englaciation   Hex/Ice        #.........   100%        5    ######.
 Silence                  Hex/Air        #.........   100%        5    ######.
 Bolt of Cold             Conj/Ice       #.........   100%        6    #######
 Darkness                 Hex            #.........   100%        6    #######
 Freezing Cloud           Conj/Ice/Air   #.........   100%        6    #######
 Ozocubu's Refrigeration  Ice            #.........   100%        6    #######
 Shadow Creatures         Summ           N/A          100%        6    #######
 Simulacrum               Ice/Necr       #.........   100%        6    #######


Dungeon Overview and Level Annotations

Branches:
Dungeon (14/15)            Temple (1/1) D:6            Lair (6/6) D:9
 Shoals (0/4) Lair:3        Snake (0/4) Lair:3        Slime (0/5) Lair:6
    Orc (2/2) D:10         Vaults (0/5) D:14
    Elf: Orc:2

Altars:
Ashenzari
Dithmenos
Fedhas
Gozag
Hepliaklqana
Kikubaaqudgha
Makhleb
Nemelex Xobeh
Okawaru
Ru
Sif Muna
Trog
Uskayaw
Vehumet
Wu Jian
Xom
Yredelemnul
Zin
Beogh
Jiyva

Shops:
D:4 *   D:5 ?   D:14 }

Annotations:
D:13 2 transporters, motoroller71's ghost, journeyman GnFi
Lair:5 3 runed translucent doors, Efitis's ghost, journeyman HaHu
Orc:1 Saint Roka
Orc:2 Maurice


Innate Abilities, Weirdness & Mutations

You reflexively headbutt those who attack you in melee.
You have a pair of horns on your head.


Message History

You gain the combat prowess of a mighty hero.
You block the orc wizard's attack.
Saint Roka hits you with a +1 battleaxe of chopping!
The orc wizard mumbles some strange words.
The orc wizard blinks!
You slice Saint Roka!! You burn Saint Roka!
Saint Roka is lightly wounded.
The orc wizard points at you and mumbles some strange words.
The magic dart hits you but does no damage.
Unknown command.
You completely miss Saint Roka. You headbutt Saint Roka.
Saint Roka is lightly wounded.
Saint Roka invokes the aid of Beogh against you.
Beogh smites you!
Unknown command.
You hit Saint Roka but do no damage. Your headbutt misses Saint Roka.
Saint Roka is lightly wounded.
Saint Roka hits you with a +1 battleaxe of chopping!!!
* * * LOW HITPOINT WARNING * * *
You die...

##.#......#.## ###...
#...#........####.##..
##....................
#.................##.#
##................#...
##...............###.#
#...#.)[.........#####
##..[)[..........#.##
#.)o@[.[....#......##
##.o.[[)[............#
#....[[#............##
#............#.#..###
##.....#......#####
#.....##......##
#..............#
#.........#...##
#.....#....#.##


You could see Saint Roka and an orc wizard.

Vanquished Creatures
  Gastronok (D:12)
  An orc warlord (D:10)
  5 dire elephants (Lair:6)
  The ghost of Bapho the Fighter, a journeyman DrCj of Vehumet (Lair:1)
  The ghost of Ge0ff the Destroyer, a journeyman TeFE of Sif Muna (Lair:3)
  6 hydras
  2 catoblepae
  An anaconda (Lair:6)
  2 dancing weapons (D:14)
  5 two-headed ogres
  A death knight (D:14)
  2 tengu warriors
  3 unseen horrors (D:14)
  11 skeletal warriors
  The ghost of TheNamelessOne the Martial Artist, a novice OpTm (D:7)
  An orc knight (D:10)
  An orc sorcerer (D:10)
  A deep elf mage (D:13)
  A cyclops (D:12)
  7 ugly things
  2 manticores
  An oklob plant (Lair:1)
  16 elephants
  3 ice statues (IceCv)
  4 black mambas
  A centaur zombie (D:12)
  A torpor snail (Lair:5)
  9 spiny frogs
  A gargoyle (D:12)
  10 komodo dragons
  A tengu conjurer (D:13)
  A freezing wraith (D:14)
  7 trolls
  3 meliai (D:14)
  Prince Ribbit (D:6)
  23 blink frogs
  A hornet (D:13)
  8 hippogriffs
  A slime creature (Lair:6)
  A meliai zombie (D:13)
  52 yaks
  2 hogs (D:8)
  A vampire (D:13)
  2 wraiths
  A wyvern (Lair:5)
  A hungry ghost (D:10)
  5 basilisks
  A human (D:8)
  5 vampire mosquitoes
  3 wargs
  2 steam dragons
  4 nagas (Lair:3)
  15 water moccasins
  10 porcupines
  3 sky beasts
  9 ice beasts
  24 orc warriors
  2 eyes of draining
  2 phantoms
  5 black bears
  3 necrophages
  3 centaurs
  8 wolves
  6 ogres
  22 crocodiles
  A big kobold (D:10)
  17 bullfrogs
  2 gnoll sergeants
  2 scorpions
  A water moccasin skeleton (D:12)
  13 wights
  6 killer bees
  11 howler monkeys
  2 electric eels (Lair:3)
  5 crimson imps
  12 hounds
  3 quasits
  14 orc priests
  4 jellies
  22 orc wizards
  A bullfrog skeleton (D:10)
  2 centaur skeletons
  13 hell rats (Lair:4)
  5 iguanas
  9 worker ants
  A worker ant zombie (D:9)
  A howler monkey skeleton (D:5)
  A howler monkey zombie (D:7)
  Robin (D:4)
  20 gnolls
  9 adders
  3 shadow imps
  12 white imps (Lair:3)
  An ooze (D:3)
  An adder skeleton (D:5)
  2 worms
  A dart slug (D:4)
  5 leopard geckos
  89 orcs
  4 ball pythons
  4 bats
  8 giant cockroaches
  12 goblins
  12 hobgoblins
  13 jackals
  13 kobolds
  2 quokkas
  2 frilled lizards
  A jackal zombie (D:7)
  2 leopard gecko skeletons
  A quokka skeleton (D:7)
  5 rats
  A fungus (Lair:3)
  5 plants
717 creatures vanquished.

Vanquished Creatures (others)
  An orc sorcerer (Orc:2)
  A worker ant (D:13)
  An orc (D:13)
  2 fungi
  12 plants
17 creatures vanquished.

Grand Total: 734 creatures vanquished

Notes
Turn   | Place    | Note
-------+----------+-------------------------------------------
     0 | D:1      | Peloso the Minotaur Fighter began the quest for the Orb.
     0 | D:1      | Reached XP level 1. HP: 19/19 MP: 0/0
   314 | D:1      | Reached XP level 2. HP: 27/27 MP: 1/1
   886 | D:1      | Reached skill level 4 in Shields
  1054 | D:2      | Reached XP level 3. HP: 20/33 MP: 2/2
  1299 | D:2      | Reached XP level 4. HP: 25/41 MP: 3/3
  1849 | D:3      | Found a radiant altar of Vehumet.
  1870 | D:3      | Reached XP level 5. HP: 40/47 MP: 4/4
  2055 | D:3      | Reached skill level 5 in Long Blades
  2084 | D:3      | Found a sparkling altar of Nemelex Xobeh.
  2674 | D:4      | Reached XP level 6. HP: 42/53 MP: 5/5
  2826 | D:4      | Reached skill level 5 in Shields
  2838 | D:4      | Noticed Robin
  2857 | D:4      | Killed Robin
  2988 | D:4      | Found Dyfyeluawk's Lightly-Used Armoury.
  3325 | D:5      | Entered Level 5 of the Dungeon
  3346 | D:5      | Reached skill level 5 in Fighting
  3394 | D:5      | Reached XP level 7. HP: 50/61 MP: 6/6
  3422 | D:5      | Reached skill level 6 in Shields
  3468 | D:5      | Found Moet's Magic Scroll Emporium.
  3477 | D:5      | Bought a scroll of identify for 22 gold pieces
  3477 | D:5      | Bought a scroll of remove curse for 33 gold pieces
  3477 | D:5      | Bought a scroll of enchant weapon for 82 gold pieces
  3477 | D:5      | Bought a scroll of identify for 22 gold pieces
  3503 | D:5      | Found a shadowy altar of Dithmenos.
  3561 | D:5      | Reached skill level 5 in Armour
  4056 | D:6      | Noticed Prince Ribbit
  4069 | D:6      | Killed Prince Ribbit
  4069 | D:6      | Reached XP level 8. HP: 34/70 MP: 7/7
  4279 | D:6      | Reached skill level 7 in Shields
  4296 | D:6      | Found a shattered altar of Ashenzari.
  4334 | D:6      | Found a staircase to the Ecumenical Temple.
  4367 | Temple   | Entered the Ecumenical Temple
  4415 | Temple   | Became a worshipper of Warmaster Okawaru
  5050 | D:6      | Got a slimy chain mail
  5061 | D:6      | Identified the cursed +1 chain mail of Ymiphat {-Tele
                  | Regen+ MP+9 Int+6} (You found it on level 6 of the Dungeon)
  5161 | D:7      | Reached XP level 9. HP: 57/75 MP: 8/8
  5262 | D:7      | Reached * piety under Okawaru
  5274 | D:7      | Reached skill level 8 in Shields
  5430 | D:7      | Found a transporter.
  5431 | D:7      | Noticed TheNamelessOne's ghost (novice OpTm)
  5437 | D:7      | Found a transporter.
  5490 | D:7      | Found an ornate altar of the Wu Jian Council.
  5490 | D:7      | Found an opulent altar of Gozag.
  5608 | D:8      | Noticed a two-headed ogre
  5611 | D:8      | Noticed a two-headed ogre
  5616 | D:8      | Killed a two-headed ogre
  5616 | D:8      | Reached ** piety under Okawaru
  5616 | D:8      | Reached skill level 10 in Long Blades
  5616 | D:8      | Reached skill level 1 in Dodging
  5619 | D:8      | Killed a two-headed ogre
  5619 | D:8      | Reached skill level 9 in Shields
  5648 | D:8      | Found a sparkling altar of Nemelex Xobeh.
  5737 | D:8      | Reached XP level 10. HP: 70/86 MP: 9/9
  5762 | D:8      | Reached *** piety under Okawaru
  6180 | D:9      | Reached skill level 10 in Shields
  6310 | D:9      | Found the +2 ratskin cloak {+Rats rPois rN+ Str-1 Int-1
                  | Dex+1}
  6399 | D:9      | Reached **** piety under Okawaru
  6460 | D:9      | Noticed a two-headed ogre
  6473 | D:9      | Killed a two-headed ogre
  6473 | D:9      | Reached skill level 10 in Armour
  6772 | D:9      | Reached skill level 1 in Stealth
  6774 | D:9      | Found a staircase to the Lair.
  6784 | D:9      | Reached ***** piety under Okawaru
  6824 | D:9      | Reached XP level 11. HP: 88/94 MP: 10/10
  6984 | D:9      | Found a hide-covered altar of Uskayaw.
  7117 | D:10     | Entered Level 10 of the Dungeon
  7226 | D:10     | Received a gift from Okawaru
  7459 | D:10     | Found a staircase to the Orcish Mines.
  7634 | Orc:1    | Entered Level 1 of the Orcish Mines
  7634 | Orc:1    | Noticed an orc knight
  7747 | D:10     | Reached skill level 11 in Shields
  8545 | Orc:1    | Noticed an orc sorcerer
  8692 | Orc:1    | Noticed an orc warlord
  9123 | D:10     | Killed an orc knight
  9147 | D:10     | HP: 4/97 [warg[an orc warlord] (6)]
  9158 | D:10     | Killed an orc sorcerer
  9486 | D:10     | Killed an orc warlord
  9930 | Orc:2    | Entered Level 2 of the Orcish Mines
  9938 | Orc:2    | Noticed an orc warlord
  9956 | Orc:1    | Reached skill level 12 in Shields
 10310 | Orc:2    | Noticed Saint Roka
 10643 | Orc:2    | Noticed Maurice
 11006 | D:11     | Noticed a green ugly thing
 11015 | D:11     | Killed a green ugly thing
 11015 | D:11     | Received a gift from Okawaru
 11018 | D:11     | Got a fine great sword {god gift}
 11079 | D:11     | Noticed a two-headed ogre
 11094 | D:11     | Killed a two-headed ogre
 11094 | D:11     | Reached XP level 12. HP: 103/106 MP: 0/11
 11461 | D:11     | Found a roughly hewn altar of Beogh.
 12120 | Lair:1   | Entered Level 1 of the Lair of Beasts
 12161 | Lair:1   | Reached skill level 10 in Fighting
 12485 | Lair:1   | Found a runed translucent gate.
 12485 | Lair:1   | Found a runed translucent gate.
 12485 | Lair:1   | Found a runed translucent gate.
 12485 | Lair:1   | Noticed Bapho's ghost (journeyman DrCj)
 12601 | Lair:1   | Reached skill level 13 in Shields
 12962 | Lair:1   | Identified a scroll of acquirement
 13046 | Lair:1   | Identified the +9 great sword "Wafanwa" {elec, Int+3 Dex+2}
                  | (Okawaru gifted it to you on level 11 of the Dungeon)
 13123 | Lair:2   | Noticed an eight-headed hydra
 13132 | Lair:2   | Killed a four-headed hydra
 13132 | Lair:2   | Reached ****** piety under Okawaru
 13462 | Lair:1   | Received a gift from Okawaru
 13526 | Lair:2   | Reached skill level 1 in Axes
 13906 | Lair:2   | Received a gift from Okawaru
 14246 | Lair:2   | Reached XP level 13. HP: 114/114 MP: 12/12
 14463 | Lair:3   | Found a frozen archway.
 14497 | IceCv    | Entered an ice cave
 14768 | IceCv    | Found the +10 dark maul {crush}
 15055 | Lair:3   | Reached skill level 14 in Shields
 15156 | Lair:3   | Received a gift from Okawaru
 15349 | Lair:3   | Found a runed translucent door.
 15351 | Lair:3   | Noticed Ge0ff's ghost (journeyman TeFE)
 15542 | Lair:3   | Found a staircase to the Shoals.
 15573 | Lair:3   | Found a staircase to the Snake Pit.
 16193 | D:7      | Killed TheNamelessOne's ghost
 16461 | D:12     | Noticed Gastronok
 16474 | D:12     | Killed Gastronok
 16609 | D:12     | Reached skill level 15 in Long Blades
 16618 | D:12     | Received a gift from Okawaru
 17081 | D:13     | Reached skill level 1 in Invocations
 17099 | D:13     | Reached skill level 15 in Shields
 17181 | D:13     | Noticed motoroller71's ghost (journeyman GnFi)
 17183 | D:13     | Found a transporter.
 17210 | D:13     | Found a transporter.
 17211 | D:13     | You fall into a shaft and drop 1 floor!
 17267 | D:14     | Reached XP level 14. HP: 20/125 MP: 13/13
 17434 | D:14     | Found a gate to the Vaults.
 17641 | D:14     | Found Ykatu's Gadget Shoppe.
 18020 | D:14     | Found a shimmering altar of Xom.
 18482 | D:14     | Reached skill level 16 in Shields
 18715 | D:13     | Received a gift from Okawaru
 19482 | Lair:4   | You fall into a shaft and drop 2 floors!
 19482 | Lair:6   | Entered Level 6 of the Lair of Beasts
 19593 | Lair:5   | Found a runed translucent gate.
 19593 | Lair:5   | Found a runed translucent gate.
 19593 | Lair:5   | Found a runed translucent gate.
 19601 | Lair:5   | Noticed Efitis's ghost (journeyman HaHu)
 19892 | Lair:6   | Found a runed translucent door.
 19892 | Lair:6   | Found a viscous altar of Jiyva.
 19892 | Lair:6   | Found a staircase to the Slime Pits.
 20668 | Lair:6   | Received a gift from Okawaru
 20668 | Lair:6   | Reached skill level 5 in Dodging
 20673 | Lair:6   | Got a smoking scimitar {god gift}
 20674 | Lair:6   | Identified the +1 scimitar "Giantbane" {drain, *Slow MP+9
                  | Int-3 Dex+9} (Okawaru gifted it to you on level 6 of the
                  | Lair of Beasts)
 20914 | Lair:6   | Reached XP level 15. HP: 124/136 MP: 15/15
 20993 | Lair:5   | Found an iron altar of Okawaru.
 21927 | Lair:4   | Received a gift from Okawaru
 21972 | Lair:4   | Reached skill level 17 in Shields
 22773 | Lair:3   | Killed Ge0ff's ghost
 22927 | Lair:1   | Killed Bapho's ghost
 23128 | Orc:1    | HP: 6/137 [Saint Roka/+1 battleaxe of chopping (44)]
 23128 | Orc:1    | Slain by Saint Roka

Levels and vault maps discovered:
D:1:      beargit_arrival_greenhouse, layout_basic, serial_forest,
          infiniplex_forest_corner_1, infiniplex_forest_lined_3,
          infiniplex_forest_straight_2, infiniplex_forest_lined_3_way,
          infiniplex_forest_clump_C, infiniplex_forest_clump_diagonal,
          infiniplex_forest_split, minmay_door_square
D:2:      layout_loops_ring, first_ration, minmay_increasing_density
D:3:      layout_loops_cross, fiery_altar_vehumet, minmay_misc_feat_encased,
          nemelex_diamond_rough_becter
D:4:      layout_loops_cross, minmay_shop_damaged, uniq_robin
D:5:      layout_basic, old_standard_altar, serial_shops, shop,
          wad_rectangle_vault
D:6:      layout_loops_ring, kennysheep_mini, minmay_temple_entry_large_hall,
          uniq_prince_ribbit1
D:7:      layout_rooms, amethyst_overflow_temple_binary, gammafunk_ghost_arena
D:8:      layout_rooms, old_standard_altar, grunt_decor_mini_mirrors,
          grunt_livestock
D:9:      layout_rooms, kennysheep_little_box, minmay_lair_entry_grove,
          special_room [special_room_orc], minmay_mirror_moons_of_madness
D:10:     layout_irregular_city, erik_orc_3, hangedman_abyss_or_decor_stabs
D:11:     layout_loops_corners, special_room [special_room_orc]
D:12:     layout_loops_cross, uniq_gastronok
D:13:     layout_basic, gammafunk_ghost_arena
D:14:     layout_cave_pools, erik_vaults_1, minmay_misc_feat_four_crosses,
          serial_shops, nicolae_shop_trees, xom_teletrap_fun
Temple:   regret_index_temple_waves
Lair:1:   layout_regular_city, ebering_ghost_rock_garden,
          infiniplex_staircase_pool_2, grunt_megastairs_5,
          minmay_lair_oklob_chamber, lemuel_fruit_tree
Lair:2:   layout_cave_pods, grunt_megastairs_1
Lair:3:   layout_long_grid, elwin_shoals_entry_rooms,
          guppyfry_snake_entry_garden, portal_ice_cave_entry_imps,
          ebering_ghost_inner_flame, nicolae_quartered_pool_super
Lair:4:   layout_regular_city, st_stairs_4
Lair:5:   layout_cave_pods, basic_altar, gammafunk_ghost_necromancy
Lair:6:   due_jungle_book, layout_gridlike, slime_altar_2, serial_bayou_shore_a,
          grunt_megastairs_3
Orc:1:    layout_caves, mines2_david
Orc:2:    st_orc_town, layout_diamond_mine, uniq_saint_roka, uniq_maurice

Skill      XL: |  1  2  3  4  5  6  7  8  9 10 11 12 13 14 15 |
---------------+----------------------------------------------+-----
Shields        | 4 5 6 7 9 10 12 13 15 16 17 | 17.1
Fighting       | 4 5 6 7 8 9 10 11 13 | 13.8
Long Blades    | 3 4 5 6 8 9 10 12 13 14 15 16 | 16.4
Armour         | 4 5 7 8 10 11 13 14 | 14.9
Dodging        | 1 2 3 5 |  5.6
Stealth        | 1 2 |  2.2
Axes           | 3 4 |  4.6
Invocations    | 1 |  1.5
Evocations     | |  0.4

Action                   |  1- 3 |  4- 6 |  7- 9 | 10-12 | 13-15 || total
-------------------------+-------+-------+-------+-------+-------++-------
Melee: Long sword        |   110 |   173 |   196 |   781 |   124 ||  1384
       Headbutt          |    22 |    34 |    34 |   217 |   320 ||   627
       Scimitar          |       |       |       |    86 |   929 ||  1015
       War axe           |       |       |       |     6 |    32 ||    38
Invok: Heroism           |       |       |     1 |     6 |    11 ||    18
Evoke: Wand              |       |       |       |     3 |       ||     3
  Use: Scroll            |       |     4 |     8 |    10 |    12 ||    34
       Potion            |       |       |       |     1 |     1 ||     2
  Eat: Chunk             |     1 |     7 |     8 |    29 |    28 ||    73
       Ration            |       |       |       |       |     1 ||     1
Armor: Scale mail        |    18 |       |       |       |       ||    18
       Chain mail        |    40 |     3 |       |       |   516 ||   559
       Plate armour      |       |   120 |   121 |   416 |    11 ||   668
Dodge: Dodged            |    19 |    27 |    48 |   210 |   417 ||   721
Block: Shield            |    63 |    89 |   124 |   548 |   840 ||  1664
       Rpst.: Long sword |     3 |     4 |     8 |    46 |    12 ||    73
       Scimitar          |       |       |       |     6 |    89 ||    95

Table legend:
 A = Non-vault XP
 B = Vault XP
 C = Vault XP percentage of total XP
 D = Non-vault monster count
 E = Vault monster count
 F = Vault count percentage of total count
                 A         B        C        D         E       F
            +---------+---------+-------+---------+---------+-------
      Total |   97987 |   22282 |  18.5 |     552 |     161 |  22.6
            +---------+---------+-------+---------+---------+-------
        D:1 |      19 |       0 |   0.0 |      11 |       0 |   0.0
        D:2 |      64 |      28 |  30.4 |      16 |       9 |  36.0
        D:3 |     169 |       0 |   0.0 |      22 |       0 |   0.0
        D:4 |     365 |      35 |   8.8 |      21 |      11 |  34.4
        D:5 |     586 |      66 |  10.1 |      14 |       5 |  26.3
        D:6 |     984 |     274 |  21.8 |      27 |       1 |   3.6
        D:7 |     974 |     972 |  49.9 |      22 |       6 |  21.4
        D:8 |    3024 |    1024 |  25.3 |      22 |       5 |  18.5
        D:9 |    1417 |    2178 |  60.6 |       6 |      34 |  85.0
       D:10 |    7671 |     339 |   4.2 |      75 |      17 |  18.5
       D:11 |    3975 |    1198 |  23.2 |      22 |      20 |  47.6
       D:12 |    4609 |    2057 |  30.9 |      26 |       1 |   3.7
       D:13 |   11248 |       0 |   0.0 |      43 |       0 |   0.0
       D:14 |   15988 |    1808 |  10.2 |      40 |       2 |   4.8
     Lair:1 |    3762 |    1890 |  33.4 |      20 |       4 |  16.7
     Lair:2 |    8269 |       0 |   0.0 |      28 |       0 |   0.0
     Lair:3 |    6273 |    2227 |  26.2 |      20 |      18 |  47.4
     Lair:4 |    4961 |     590 |  10.6 |      31 |       2 |   6.1
     Lair:5 |   10541 |       0 |   0.0 |      35 |       0 |   0.0
     Lair:6 |   11682 |    4085 |  25.9 |      26 |      10 |  27.8
      Orc:1 |    1267 |      48 |   3.7 |      17 |       3 |  15.0
      Orc:2 |     139 |     498 |  78.2 |       8 |       2 |  20.0
      IceCv |       0 |    2965 | 100.0 |       0 |      11 | 100.0
            +---------+---------+-------+---------+---------+-------
